 Dungeon Crawl Stone Soup version 0.18-a0-1243-g9e52518 (webtiles) character file.

4976 Borgoz the Fighter (level 10, -14/136 HPs)
             Began as a Minotaur Fighter on Feb 5, 2016.
             Was a Believer of the Shining One.
             Demolished by Erolcha
             ... wielding a +0 giant club
              (27 damage)
             ... on level 9 of the Dungeon.
             The game lasted 00:21:32 (7837 turns).

Borgoz the Fighter (Minotaur Fighter)               Turns: 7837, Time: 00:21:32

Health: -14/136    AC: 13    Str: 21    XL:     10   Next: 29%
Magic:  9/9        EV:  2    Int:  5    God:    the Shining One [**....]
Gold:   468        SH: 11    Dex: 13    Spells: 0 memorised, 9 levels left

rFire  . . .     SeeInvis .     a - +0 trident
rCold  . . .     Gourm    .     (armour currently unavailable)
rNeg   + + +     Faith    .     c - +0 shield
rPois  +         Spirit   .     (helmet currently unavailable)
rElec  .         Dismiss  .     (cloak currently unavailable)
rCorr  .         Reflect  .     (gloves currently unavailable)
SustAt .         Harm     .     (boots currently unavailable)
MR     .....     NoTele   +     (no amulet)
Stlth  +.........               (no ring)
                                h - ring of flight

@: tree-form (expiring), corroded equipment, glowing, not resistant to hostile
enchantments, very unstealthy
A: (retaliatory headbutt), (horns 0)
a: Divine Shield, Renounce Religion


You were on level 9 of the Dungeon.
You worshipped the Shining One.
The Shining One was pleased with you.
You were hungry.
You were a tree.
You visited 2 branches of the dungeon, and saw 10 of its levels.
You also visited: Ossuary.

You collected 558 gold pieces.
You spent 90 gold pieces at shops.

Inventory:

Hand Weapons
 a - a +0 trident (weapon)
 x - the +14 plutonium sword {*Contam Stlth-}
   (You found it on level 4 of the Dungeon)

   It causes magical contamination when unequipped.
   It makes you less stealthy.
 H - the +8 lajatang "Mud Pie of Death" {slice, MR+, unknown}
   (You found it on level 8 of the Dungeon)

   It inflicts extra damage upon your enemies.
   It affects your resistance to hostile enchantments.
Armour
 c - a +0 shield (worn)
 t - a +0 crystal plate armour (melded)
 y - the +1 robe of the Realm of Zot {Str+3}
   (You found it on level 4 of the Dungeon)

   It affects your strength (+3).
 C - a +0 cloak (melded)
Jewellery
 h - a ring of flight (left branch)
Scrolls
 i - 2 scrolls of amnesia
 l - 2 scrolls of holy word {unknown}
 o - 3 scrolls of recharging
 s - 3 scrolls of remove curse {unknown}
 u - a scroll of enchant weapon {unknown}
 I - a scroll of noise {unknown}
Potions
 e - 2 potions of curing
 g - a potion of magic
 m - a potion of might
 n - 2 potions of resistance
 r - 5 potions of agility
 v - 5 potions of flight
 A - 2 potions of berserk rage {unknown}
 B - 4 potions of brilliance
 D - 2 potions of poison {unknown}
 E - a potion of cure mutation {unknown}
 F - 2 potions of haste {unknown}
Books
 w - a book of the Sky

   Spells                             Type                      Level
   a - Summon Lightning Spire         Summoning/Air                4
   b - Airstrike                      Air                          4
   c - Silence                        Hexes/Air                    5
   d - Deflect Missiles               Charms/Air                   6
   e - Conjure Ball Lightning         Conjuration/Air              6
   f - Tornado                        Air                          9
Comestibles
 d - 4 fruits
 f - 8 bread rations
 j - 6 meat rations
 q - 2 slices of pizza
 z - 5 chunks of flesh
 G - 12 royal jellies


   Skills:
 + Level 9.2 Fighting
 + Level 8.5 Polearms
 + Level 9.1 Armour
 + Level 7.0 Dodging
 + Level 9.0 Shields


You had 9 spell levels left.
You didn't know any spells.

Dungeon Overview and Level Annotations

Branches:
Dungeon (9/15)             Temple (1/1) D:7
   Lair: D:8-11         Orc: D:9-12

Altars:
Ashenzari
Cheibriados
Dithmenos
Elyvilon
Fedhas
Gozag
Kikubaaqudgha
Makhleb
Okawaru
Pakellas
Qazlal
Ru
Sif Muna
Trog
Vehumet
Xom
Yredelemnul
Zin
The Shining One

Shops:
D:4 }   D:5 (   D:9 }

Annotations:
D:9 Erolcha


Innate Abilities, Weirdness & Mutations

((You reflexively headbutt those who attack you in melee.))
((You have a pair of horns on your head.))


Message History

Erolcha casts a spell at you. The bolt of lightning hits you!
* * * LOW HITPOINT WARNING * * *
Drink which item? (? for menu, Esc to quit)
You feel better. Erolcha hits you with a giant club!
* * * LOW HITPOINT WARNING * * *
Drink which item? (? for menu, Esc to quit)
You feel better. Erolcha hits you with a giant club!
* * * LOW HITPOINT WARNING * * *
Drink which item? (? for menu, Esc to quit)
You feel better.
You are feeling hungry.
Erolcha points at you and mumbles some strange words.
You resist with some effort.
You hit Erolcha but do no damage.
Erolcha is heavily wounded.
You hit Erolcha.
Erolcha is severely wounded.
Erolcha hits you with a giant club!!
You die...

.....# #.....# ######.
##.....# .......########
.......# ...............
.......# .............#
.......# ...........#
.......# .........#
.......# #O.....# .#
##.....#
..###.♣....###...#
.#.....#
............+.Y.∩..
.#.....# ............#
.#.....# ............#
.#.....# ............#
##.....#######.....###
######.....###.....####..#
.....#.....#..............
.....#.....#..............


You could see Erolcha.

Vanquished Creatures
  Pikel (D:4)
  The ghost of ipx the Chopper, a novice DsAK of Lugonu (D:7)
  2 centaur skeletons (D:7)
  A two-headed ogre (D:8)
  2 hippogriffs
  A slave (D:4)
  An ice beast (D:8)
  2 phantoms
  A sky beast (D:6)
  3 ogres
  A black bear (D:8)
  A necrophage (D:7)
  4 centaurs
  A big kobold (D:7)
  5 giant frogs
  4 scorpions
  A wyvern skeleton (D:7)
  5 killer bees (D:9)
  4 crimson imps
  A quasit (D:5)
  Crazy Yiuf (D:6)
  4 hounds
  4 orc priests
  A human zombie (Ossuary)
  6 orc wizards
  5 jellies
  Ijyb (D:3)
  Natasha (twice) (D:4)
  An iguana (D:9)
  5 worker ants
  2 big kobold zombies (Ossuary)
  4 mummies (Ossuary)
  8 gnolls (D:4)
  5 adders
  8 oozes
  3 adder skeletons
  3 adder zombies
  5 worms
  3 giant geckos
  19 orcs
  2 ball pythons
  3 bats (D:1)
  3 giant cockroaches
  3 goblins
  8 hobgoblins
  7 jackals
  A quokka (D:4)
  A giant gecko skeleton (D:7)
  8 giant newts
  2 goblin zombies (Ossuary)
  2 hobgoblin zombies (Ossuary)
  A jackal skeleton (D:8)
  A jackal zombie (Ossuary)
  15 kobolds
  3 kobold zombies (Ossuary)
  A quokka skeleton (D:4)
  7 rats
200 creatures vanquished.

Vanquished Creatures (others)
  A slave (D:4)
  A giant gecko skeleton (D:5)
  4 toadstools (D:1)
6 creatures vanquished.

Grand Total: 206 creatures vanquished

Notes
Turn   | Place    | Note
--------------------------------------------------------------
     0 | D:1      | Borgoz the Minotaur Fighter began the quest for the Orb.
     0 | D:1      | Reached XP level 1. HP: 19/19 MP: 0/0
   326 | D:1      | Reached XP level 2. HP: 27/27 MP: 1/1
   674 | D:1      | Reached skill level 1 in Dodging
  1205 | D:2      | Reached skill level 4 in Fighting
  1209 | D:2      | Reached XP level 3. HP: 33/33 MP: 2/2
  1685 | D:3      | Reached XP level 4. HP: 40/40 MP: 3/3
  1807 | D:3      | Noticed Ijyb
  1820 | D:3      | Killed Ijyb
  2500 | D:4      | Found Ziluexte's Gadget Boutique.
  2572 | D:4      | Reached XP level 5. HP: 42/47 MP: 4/4
  2664 | D:4      | Got a heavy robe
  2675 | D:4      | Identified the cursed +1 robe of the Realm of Zot {Str+3} (You found it on level 4 of the Dungeon)
  2890 | D:4      | Reached XP level 6. HP: 45/55 MP: 5/5
  2964 | D:4      | Reached skill level 5 in Fighting
  2964 | D:4      | Reached skill level 5 in Shields
  2966 | D:4      | Noticed Natasha
  2981 | D:4      | Killed Natasha
  3208 | D:4      | Reached skill level 5 in Armour
  3345 | D:5      | Entered Level 5 of the Dungeon
  3345 | D:5      | Found Puodghyn's Weapon Shoppe.
  3699 | D:5      | Noticed a slave
  3701 | D:5      | Noticed a slave
  3702 | D:5      | Noticed Pikel
  3702 | D:5      | Noticed a slave
  3719 | D:4      | Reached XP level 7. HP: 46/61 MP: 6/6
  4102 | D:4      | Killed Pikel
  4102 | D:4      | Reached skill level 6 in Fighting
  4102 | D:4      | Reached skill level 5 in Polearms
  4102 | D:4      | Reached XP level 8. HP: 36/70 MP: 7/7
  4112 | D:4      | Noticed Natasha
  4118 | D:4      | Killed Natasha
  4680 | D:5      | Found Zin's Purification Station.
  4684 | D:5      | Found a glowing silver altar of Zin.
  4706 | D:5      | Bought a potion of curing for 90 gold pieces
  4899 | D:5      | Reached skill level 7 in Shields
  5048 | D:6      | Noticed Crazy Yiuf
  5053 | D:6      | Killed Crazy Yiuf
  5314 | D:6      | Reached skill level 5 in Dodging
  5588 | D:7      | Noticed ipx's ghost (novice DsAK)
  5633 | D:7      | Reached XP level 9. HP: 79/79 MP: 8/8
  5654 | D:7      | Found a staircase to the Ecumenical Temple.
  5672 | Temple   | Entered the Ecumenical Temple
  5712 | Temple   | Became a worshipper of the Shining One
  5772 | D:7      | Found a sand-covered staircase.
  5791 | Ossuary  | Entered an ossuary
  5791 | Ossuary  | Reached * piety under the Shining One
  6107 | D:7      | Killed ipx's ghost
  6107 | D:7      | Reached skill level 8 in Fighting
  6144 | D:7      | Reached ** piety under the Shining One
  6661 | D:8      | Reached XP level 10. HP: 74/90 MP: 9/9
  6893 | D:8      | Got a slimy lajatang
  6967 | D:8      | Reached skill level 9 in Fighting
  7795 | D:9      | Noticed Erolcha
  7796 | D:9      | Found Qedun's Gadget Shoppe.
  7825 | D:9      | HP: 3/136 [Erolcha/stone arrow (15)]
  7832 | D:9      | HP: 3/136 [Erolcha/bolt of lightning (17)]
  7837 | D:9      | Demolished by Erolcha

Vault maps used:
D:1:      ldierk_water_garden, st_stairs_7
D:3:      minmay_distorted, uniq_iyjb
D:4:      serial_shops, shop, first_bread, uniq_natasha
D:5:      zin_purify, serial_shops, nicolae_shop_waterfront, uniq_pikel
D:6:      uniq_crazy_yiuf_cottage
D:7:      minmay_temple_entry_enclosed_plants, nicolae_ossuary_entry_monument
D:9:      overflow_temple_1_default, serial_shops, shop, nicolae_shop_stone,
          kennysheep_mini_moat, nicolae_shop_behind_doors,
          hangedman_little_slice_of_home, guppyfry_early_elven_hall,
          uniq_erolcha
Temple:   kilobyte_greek_temple_18
Ossuary:  ossuary_minmay_tomb_2a

Action                   |  1- 3 |  4- 6 |  7- 9 | 10-12 || total
-------------------------+-------+-------+-------+-------++-------
Melee: Trident           |   114 |   220 |   389 |   155 ||   878
  Use: Scroll            |       |    10 |     7 |       ||    17
       Potion            |       |     2 |     7 |    12 ||    21
  Eat: Chunk             |     2 |     7 |    10 |     4 ||    23
